 Dungeon Crawl Stone Soup version 0.32-a0-433-g08bcfe7efd (webtiles) character file.

Game seed: 7478711062901549243

112784 ragingrage the Hand of Fortune (level 16, -17/128 HPs)
             Began as a Mountain Dwarf Reaver on Feb 22, 2024.
             Was the Champion of Nemelex Xobeh.
             Demolished by a bunyip (19 damage)
             ... on level 1 of the Swamp on Feb 23, 2024.
             The game lasted 01:15:33 (46753 turns).

ragingrage the Hand of Fortune (MDRe)              Turns: 46753, Time: 01:15:34

Health: -17/128    AC: 26    Str: 19    XL:     16   Next: 12%
Magic:  16/45      EV: 11    Int: 23    God:    Nemelex Xobeh [******]
Gold:   1462       SH:  8    Dex:  8    Spells: 2/28 levels left

rFire   . . .        a - -2 demon whip (venom)
rCold   . . .        I - +0 buckler
rNeg    . . .        U - +0 swamp dragon scales
rPois   +            C - +3 hat of Pondering {ponderous, Will+ MP+10 Int+5}
rElec   .            S - +2 cloak
rCorr   .            R - +2 pair of gloves
SInv    .            Z - +0 pair of boots
Will    +++..        n - amulet of reflection
Stlth   +            W - +4 ring of protection
HPRegen 0.41/turn    z - ring of magical power
MPRegen 0.29/turn

%: reflection
@: slightly contaminated, slow
A: runic magic, artefact enchanting, frail 1, strong-willed 1
a: Renounce Religion, Draw Escape, Draw Destruction, Draw Summoning, Draw Stack,
Triple Draw, Deal Four, Stack Five


You were on level 1 of the Swamp.
You worshipped Nemelex Xobeh.
Nemelex Xobeh was exalted by your worship.
You visited 6 branches of the dungeon, and saw 27 of its levels.
You also visited: Ossuary.

You collected 1639 gold pieces.
You spent 177 gold pieces at shops.

Inventory:

Hand Weapons
 a - a -2 demon whip of venom (weapon)
 t - the +6 dagger of the Morning {pain, Int+7 Dex+4}
   (You found it on level 9 of the Dungeon)

   Int+7:     It affects your intelligence (+7).
   Dex+4:     It affects your dexterity (+4).
Missiles
 P - 7 curare-tipped darts
 X - a throwing net
Armour
 C - the +3 hat of Pondering (worn) {ponderous, Will+ MP+10 Int+5}
   (You took it off Gastronok on level 2 of the Lair of Beasts)

   Int+5:     It affects your intelligence (+5).
   Will+:     It increases your willpower.
   MP+10:     It affects your magic capacity (+10).
 I - a +0 buckler (worn)
 R - a +2 pair of gloves (worn)
 S - a +2 cloak (worn)
 U - +0 swamp dragon scales (worn)
 Z - a +0 pair of boots (worn)
Jewellery
 n - an amulet of reflection (around neck)
 p - a ring of resist corrosion
 z - a ring of magical power (right hand)
 L - a ring of positive energy
 M - a ring of ice
 W - a +4 ring of protection (left hand)
Wands
 e - a wand of charming (24)
 k - a wand of roots (24)
 x - a wand of flame (30)
 A - a wand of digging (3)
 Q - a wand of polymorph (10)
 T - a wand of mindburst (21)
 V - a wand of acid (5)
Scrolls
 b - 5 scrolls of amnesia
 c - 5 scrolls of summoning
 d - 7 scrolls of vulnerability
 g - 4 scrolls of noise
 i - 2 scrolls of torment
 l - 6 scrolls of immolation
 q - 4 scrolls of enchant weapon
 r - a scroll of brand weapon
 s - 5 scrolls of blinking
 y - 3 scrolls of poison
 F - 4 scrolls of revelation
 G - 6 scrolls of teleportation
 N - 5 scrolls of fog
 O - 5 scrolls of fear
Potions
 f - 3 potions of heal wounds
 h - 5 potions of lignification
 j - a potion of invisibility {unknown}
 m - 9 potions of curing
 o - 4 potions of enlightenment
 u - 2 potions of brilliance
 v - 6 potions of ambrosia
 w - a potion of haste {unknown}
 B - 3 potions of attraction
 D - 4 potions of berserk rage
 E - 7 potions of cancellation
 H - 2 potions of mutation
 J - 2 potions of might
 K - a potion of resistance {unknown}
 Y - a potion of magic {unknown}


   Skills:
 - Level 13.0 Fighting
 - Level 4.2(8.6) Axes
 - Level 11.6(12.0) Maces & Flails
 - Level 11.0 Armour
 - Level 4.0 Dodging
 - Level 2.0 Stealth
 + Level 1.1 Shields
 + Level 6.6 Spellcasting
 - Level 12.0 Conjurations
 - Level 1.0 Necromancy
 - Level 3.0 Translocations
 + Level 10.1 Fire Magic
 - Level 3.0 Earth Magic
 - Level 8.0 Alchemy
 - Level 14.0 Invocations
 - Level 4.0 Evocations


You had 2 spell levels left.
You knew the following spells:

 Your Spells              Type           Power      Damage    Failure   Level
a - Sting                 Conj/Alch      100%       1d9       1%          1
b - Kiss of Death         Conj/Necr      100%       2d13      1%          1
c - Sticky Flame          Fire/Alch      49%        2d9       2%          4
d - Flame Wave            Conj/Fire      55%        2d13      1%          4
e - Blink                 Tloc           42%        N/A       4%          2
f - Irradiate             Conj/Alch      26%        3d20      4%          5
g - Passwall              Erth           21%        N/A       10%         3
h - Starburst             Conj/Fire      27%        6d9       19%         6

Your spell library contained the following spells:

 Spells                   Type           Power      Damage    Failure   Level
 Foxfire                  Conj/Fire      100%       2x1d9     1%          1
 Magic Dart               Conj           100%       1d8       1%          1
 Momentum Strike          Conj/Tloc      84%        3d10      1%          2
 Apportation              Tloc           42%        N/A       3%          1
 Lesser Beckoning         Tloc           42%        N/A       4%          2
 Necrotise                Necr           48%        1d6       8%          1
 Summon Small Mammal      Summ           28%        N/A       11%         1
 Sublimation of Blood     Necr           12%        N/A       11%         2
 Call Imp                 Summ           14%        N/A       17%         2
 Ensorcelled Hibernation  Hex/Ice        14%        N/A       17%         2
 Fulminant Prism          Conj/Alch      26%        3d13      1%          4
 Hailstorm                Conj/Ice       35%        3d8       2%          3
 Mephitic Cloud           Conj/Alch/Air  38%        N/A       2%          3
 Volatile Blastmotes      Fire/Tloc      74%        2d16      2%          3
 Iskenderun's Battlesphe  Conj           58%        2d11      2%          5
 Fireball                 Conj/Fire      27%        3d12      3%          5
 Inner Flame              Hex/Fire       30%        N/A       4%          3
 Brom's Barrelling Bould  Conj/Erth      42%        2d6       4%          4
 Iskenderun's Mystic Bla  Conj/Tloc      42%        2d10      4%          4
 Gell's Gravitas          Tloc           21%        N/A       10%         3
 Teleport Other           Tloc           21%        N/A       10%         3
 Petrify                  Alch/Erth      32%        N/A       12%         4
 Call Canine Familiar     Summ           7%         N/A       32%         3
 Sigil of Binding         Hex            7%         N/A       32%         3
 Swiftness                Air            7%         N/A       32%         3
 Tukima's Dance           Hex            7%         N/A       32%         3
 Dimensional Bullseye     Hex/Tloc       7%         N/A       52%         4
 Orb of Destruction       Conj           29%        9d9       56%         7
 Conjure Ball Lightning   Conj/Air       17%        3x3d6     82%         6


Dungeon Overview and Level Annotations

Branches:
Dungeon (15/15)            Temple (1/1) D:4            Lair (5/5) D:11
  Swamp (1/4) Lair:2       Spider (3/4) Lair:3        Slime (0/5) Lair:5
    Orc (2/2) D:11         Vaults (0/5) D:13         Depths (0/4) D:15
Ossuary (visited)
    Elf: Orc:2

Altars:
Ashenzari
Cheibriados
Dithmenos
Elyvilon
Fedhas
Gozag
Hepliaklqana
Kikubaaqudgha
Makhleb
Nemelex Xobeh
Okawaru
Qazlal
Ru
Sif Muna
Trog
Uskayaw
Vehumet
Wu Jian
Xom
Yredelemnul
Zin
The Shining One
Jiyva

Shops:
D:8 ?   D:10 ?   D:11 *

Annotations:
D:3 3 runed translucent doors, Aldia's ghost, amateur GnRe
D:4 1 exclusion
D:7 1 runed translucent door, Crazy Yiuf
D:10 1 exclusion
D:11 3 runed translucent doors, exclusion: obsidian statue, Triskal's ghost, journeyman CoGl
D:15 6 exclusions
Lair:5 4 exclusions


Innate Abilities, Weirdness & Mutations

Your spellcasting is much less encumbered by armour.
You can use scrolls of enchantment on lesser artefacts.
You are frail. (-10% HP)
You are strong-willed. (Will+)


Message History

You miscast Starburst.
You are very lightly contaminated with residual magic.
Flames sear your flesh!
The spriggan rider hits you from afar with a +0 spear!
Casting: Starburst (dangerous; 19% risk of failure)
Press: ? - help, Q - select action, (/) - cycle Dir - look around, f - activate You miscast Starburst.
You are blasted with searing flames!
The spriggan rider hits you but does no damage.
Casting: Starburst (dangerous; 19% risk of failure)
Press: ? - help, Q - select action, (/) - cycle Dir - look around, f - activate The bolt of fire hits the bunyip!!
The bolt of fire hits the spriggan rider!!
You smell burning wood.
The mangrove smoulders and burns.
The spriggan rider hits you from afar with a +0 spear!
The bunyip claws you! x2
* * * LOW HITPOINT WARNING * * *
The bunyip barely misses you.
You draw a card...
You have drawn Degeneration.
The spriggan rider evaporates and reforms as something you cannot see!
Something hits you but does no damage.
Deactivating autopickup; reactivate with Ctrl-A.
Unknown command.
Casting: Starburst (dangerous; 19% risk of failure)
Press: ? - help, Q - select action, (/) - cycle Dir - look around, f - activate The bolt of fire misses the bunyip.
The mangrove smoulders and burns.
Something hits you but does no damage.
Casting: Starburst (dangerous; 19% risk of failure)
Press: ? - help, Q - select action, (/) - cycle Dir - look around, f - activate You miscast Starburst.
You are lightly contaminated with residual magic.
You are caught in a fiery explosion!
* * * LOW HITPOINT WARNING * * *
Something hits you.
* * * LOW HITPOINT WARNING * * *
The bunyip claws you!!
* * * LOW HITPOINT WARNING * * *
You block the bunyip's attack. The bunyip claws you!!
You die...
Your body glows slightly and disappears.

.♣.♣♣♣♣.♣♣..♣ ~~
♣.♣~♣..♣♣♣.♣♣♣♣♣♣ ~~~~
♣~♣♣~.♣♣♣♣~♣♣~♣.♣♣ ♣≈♣~.
.♣♣♣♣♣~.~♣§♣§~..§♣♣♣♣♣≈≈≈♣.
♣.♣♣~....~§§§....~.♣☼≈≈≈≈≈≈
..♣.~.~.~~~..§~~...§≈≈≈≈≈≈≈
~♣.♣.~.~~~...~§~....≈≈≈≈≈≈♣
♣>~~...~.).........~~♣≈≈≈♣
.~~...~~~~~.§~..@x)..~?♣♣.
~.§...~~.~~.~~~...~~.~.~...
~..~..~♣♣♣.~~~.~~..~~...~~.
♣~♣....♣~..~~~~~§..§~...~~~
♣~~~.~~....~§~~>......~~§~.
.)..~~~~~§..~....~.....~~~~
...~~~~.~..>..♣♣~..~~~~...~
~).~..........♣♣♣~§~~.~~..~
~~~....~~.~~~.~.♣♣.....~~~


You could see a bunyip.

Vanquished Creatures
  Kirke (D:13)
  An ironbound thunderhulk (D:13)
  2 broodmothers
  An eleionoma (Swamp:1)
  Snorg (D:10)
  2 entropy weavers
  7 centaur warriors
  A jorogumo (Spider:2)
  2 hydras
  A vault guard (D:13)
  2 catoblepae
  2 alligators (Swamp:1)
  2 boulder beetles
  12 death yaks
  4 two-headed ogres
  2 demonic crawlers
  Urug (Lair:1)
  A sun demon (D:13)
  Nergalle (D:10)
  2 skysharks
  A pharaoh ant (Spider:3)
  Amaemon (D:8)
  2 sixfirhies (D:13)
  4 orb spiders
  5 steelbarb worms
  An arcanist (D:13)
  4 lindwurms
  A bog body (Swamp:1)
  2 orc knights
  3 deep elf pyromancers
  A cyclops (D:11)
  3 ugly things
  8 wolf spiders
  A will-o-the-wisp (Swamp:1)
  A moth of wrath (Spider:1)
  6 meliai
  9 elephants
  A manticore (D:15)
  3 smoke demons (D:13)
  10 cane toads
  3 rust devils (D:13)
  5 black mambas
  6 torpor snails
  2 orange demons
  An unseen horror (D:10)
  An unseen horror (shapeshifter) (D:15)
  A tormentor (Spider:2)
  A rime drake (Lair:2)
  7 komodo dragons
  An efreet (D:14)
  A red devil (D:13)
  6 trolls
  2 polar bears
  5 hellwings
  8 hornets
  18 tarantellas
  3 tyrant leeches (Swamp:1)
  15 blink frogs
  9 spriggans
  12 jumping spiders
  27 slime creatures
  A vampire (D:12)
  A shadow (D:9)
  12 culicivoras
  4 wyverns
  A ynoxinul (D:13)
  3 wraiths
  31 yaks
  2 humans
  5 fire bats
  2 basilisks
  A fire elemental (D:10)
  33 redbacks
  A hog (Lair:3)
  Grum (D:10)
  2 wargs
  6 chaos spawn (D:13)
  A steam dragon (D:6)
  3 neqoxecs (D:13)
  13 vampire mosquitoes
  An acid dragon (D:11)
  2 swamp worms (Swamp:1)
  12 water moccasins
  2 hell hounds
  2 black bears
  7 orc warriors
  An ice beast (D:7)
  A sky beast (D:8)
  7 centaurs
  12 wolves
  3 gnoll sergeants
  9 kobold brigands
  10 bullfrogs
  A wyvern zombie (D:6)
  5 scorpions
  3 water moccasin zombies (D:6)
  5 wights (D:7)
  3 killer bees (D:10)
  4 howler monkeys
  4 electric eels (D:11)
  2 bullfrog zombies (D:6)
  4 bombardier beetles
  7 hounds
  A jelly (D:7)
  12 orc priests
  A gnoll bouda (D:3)
  4 iguanas
  10 orc wizards
  6 hell rats (Lair:5)
  3 mummies (Ossuary)
  A howler monkey zombie (D:6)
  20 gnolls
  8 adders
  A white imp (D:3)
  2 ufetubi (D:6)
  2 ribbon worms
  3 dart slugs
  44 orcs
  8 ball pythons
  4 endoplasms
  4 giant cockroaches
  4 hobgoblins
  7 jackals
  7 quokkas
  8 bats
  5 frilled lizards
  3 goblins
  30 kobolds
  5 rats
  A rat zombie (Ossuary)
683 creatures vanquished.

Vanquished Creatures (collateral kills)
  Gastronok (Lair:2)
  A soul eater (D:13)
  A skyshark (Lair:3)
  A lindwurm (Lair:5)
  A rust devil (D:12)
  A torpor snail (Lair:3)
  A tyrant leech (Lair:5)
  A wyvern (Lair:3)
  A wraith (D:12)
  A vampire mosquito (D:9)
  An orc warrior (Orc:1)
  An elf zombie (Ossuary)
  A human zombie (Ossuary)
  4 orc priests (Orc:1)
  A hound zombie (Ossuary)
  A mummy (Ossuary)
  An orc (Orc:1)
  3 gnoll zombies (Ossuary)
  2 goblin zombies (Ossuary)
  2 jackal zombies (Ossuary)
  A kobold zombie (Ossuary)
28 creatures vanquished.

Vanquished Creatures (others)
  An elephant (Lair:3)
  4 humans (D:13)
  An orc wizard (Orc:1)
  A bat (D:3)
7 creatures vanquished.

Grand Total: 718 creatures vanquished

Notes
Turn   | Place    | Note
-------+----------+-------------------------------------------
     0 | D:1      | ragingrage the Mountain Dwarf Reaver began the quest for
                  | the Orb.
     0 | D:1      | Reached XP level 1. HP: 17/17 MP: 3/3
   324 | D:1      | Reached skill level 1 in Necromancy
   324 | D:1      | Reached XP level 2. HP: 18/24 MP: 4/4
   793 | D:2      | Reached skill level 1 in Stealth
  1322 | D:2      | Reached XP level 3. HP: 29/29 MP: 5/5
  1460 | D:2      | Reached skill level 1 in Maces & Flails
  1678 | D:2      | Reached XP level 4. HP: 36/36 MP: 6/6
  1846 | D:2      | You fall into a shaft and drop 1 floor!
  2021 | D:3      | Found a runed translucent gate.
  2021 | D:3      | Found a runed translucent gate.
  2022 | D:3      | Found a runed translucent gate.
  2025 | D:3      | Noticed Aldia's ghost (amateur GnRe)
  2860 | D:3      | Reached XP level 5. HP: 20/39 MP: 7/7
  3156 | D:3      | Found an ancient bone altar of Kikubaaqudgha.
  3156 | D:3      | Found an ornate altar of the Wu Jian Council.
  3162 | D:3      | Found an iron altar of Okawaru.
  3164 | D:3      | Found a sparkling altar of Nemelex Xobeh.
  3166 | D:3      | Found a bloodstained altar of Trog.
  3170 | D:3      | Became a worshipper of Nemelex Xobeh the Trickster
  3381 | D:3      | Learned a level 1 spell: Sting
  3499 | D:3      | Found a snail-covered altar of Cheibriados.
  3603 | D:4      | Reached skill level 5 in Maces & Flails
  3603 | D:4      | Reached skill level 1 in Alchemy
  3869 | D:4      | Reached XP level 6. HP: 47/48 MP: 4/8
  3917 | D:4      | Found a staircase to the Ecumenical Temple.
  3925 | Temple   | Entered the Ecumenical Temple
  4488 | D:4      | Noticed an orc warrior
  4836 | D:5      | Entered Level 5 of the Dungeon
  4876 | D:5      | Noticed a troll
  4884 | D:5      | Reached * piety under Nemelex Xobeh
  4938 | D:5      | Received a gift from Nemelex Xobeh
  5038 | D:5      | Found a sand-covered staircase.
  5069 | Ossuary  | Entered an ossuary
  5080 | Ossuary  | Reached skill level 2 in Invocations
  5080 | Ossuary  | Reached XP level 7. HP: 32/47 MP: 9/9
  5428 | D:5      | Reached skill level 3 in Invocations
  6207 | D:6      | Reached ** piety under Nemelex Xobeh
  6277 | D:6      | Reached skill level 4 in Invocations
  6605 | D:6      | Noticed a steam dragon
  6762 | D:8      | Noticed a yak
  6762 | D:8      | Noticed a yak
  6763 | D:8      | Noticed a yak
  6867 | D:7      | Reached skill level 5 in Invocations
  6868 | D:7      | Reached XP level 8. HP: 44/61 MP: 11/11
  7386 | D:7      | Noticed Maurice
  8247 | D:6      | Learned a level 4 spell: Sticky Flame
  8521 | D:6      | Reached skill level 1 in Fire Magic
  8541 | D:6      | Found a basalt altar of Yredelemnul.
  9423 | D:7      | Maurice changed into Maurice the quokka
  9423 | D:7      | Noticed Maurice
  9431 | D:7      | Killed Maurice the quokka
  9658 | D:7      | Noticed Maggie
  9661 | D:7      | Maggie changed into Maggie the adder
  9661 | D:7      | Noticed Maggie
  9665 | D:7      | Killed Maggie the adder
  9666 | D:7      | Reached skill level 10 in Maces & Flails
  9851 | D:7      | Found a runed translucent door.
  9852 | D:7      | Noticed Crazy Yiuf
  9918 | D:7      | Reached XP level 9. HP: 67/67 MP: 12/12
 10046 | D:8      | Found Vimmoxko's Magic Scroll Shop.
 10049 | D:8      | Bought a scroll of fog for 56 gold pieces
 10049 | D:8      | Bought a scroll of revelation for 105 gold pieces
 10461 | D:8      | Reached skill level 5 in Fire Magic
 11413 | D:8      | Learned a level 4 spell: Flame Wave
 12065 | D:8      | Noticed Amaemon
 12095 | D:8      | Killed Amaemon
 12101 | D:8      | Noticed an orange demon
 13273 | D:8      | Reached XP level 10. HP: 79/79 MP: 13/13
 13313 | D:8      | Killed an orange demon
 13656 | D:9      | Received a gift from Nemelex Xobeh
 13917 | D:9      | Noticed a two-headed ogre
 13929 | D:9      | Killed a two-headed ogre
 13930 | D:9      | Reached skill level 5 in Fighting
 13939 | D:9      | Reached skill level 6 in Invocations
 14119 | D:9      | Learned a level 2 spell: Blink
 14431 | D:9      | Identified the +6 dagger of the Morning {pain, Int+7 Dex+4}
 14620 | D:9      | Reached *** piety under Nemelex Xobeh
 14658 | D:9      | Reached skill level 1 in Translocations
 14885 | D:9      | Found a shimmering blue altar of Sif Muna.
 15146 | D:6      | Reached skill level 7 in Invocations
 15445 | D:5      | Received a gift from Nemelex Xobeh
 16154 | D:10     | Entered Level 10 of the Dungeon
 16177 | D:10     | Reached skill level 8 in Invocations
 16192 | D:10     | Identified the +0 ring mail "Ifyax" {*Slow Str+4}
 16218 | D:10     | Noticed Snorg
 16222 | D:10     | Killed Snorg
 16223 | D:10     | Reached skill level 9 in Invocations
 16266 | D:10     | Reached XP level 11. HP: 68/89 MP: 17/17
 16278 | D:10     | Reached skill level 1 in Armour
 16432 | D:10     | Noticed Grum
 16449 | D:10     | Killed Grum
 16551 | D:10     | Noticed Nergalle
 16553 | D:10     | Killed Nergalle
 17024 | D:10     | Received a gift from Nemelex Xobeh
 17039 | D:10     | Found Qurchoir's Magic Scroll Shoppe.
 17047 | D:10     | Bought a scroll of noise for 16 gold pieces
 18237 | D:11     | Found a runed translucent gate.
 18237 | D:11     | Found a runed translucent gate.
 18238 | D:11     | Found a runed translucent gate.
 18239 | D:11     | Found an opulent altar of Gozag.
 18240 | D:11     | Noticed an obsidian statue
 18241 | D:11     | Noticed a centaur warrior
 18241 | D:11     | Noticed a skeletal warrior
 18241 | D:11     | Noticed Triskal's ghost (journeyman CoGl)
 18242 | D:11     | Found Ucitis's Assorted Antiques.
 18260 | D:11     | Found a staircase to the Orcish Mines.
 18273 | D:11     | Reached skill level 10 in Invocations
 18730 | D:11     | Reached **** piety under Nemelex Xobeh
 18917 | D:11     | Reached skill level 10 in Fire Magic
 19180 | D:11     | Found a staircase to the Lair.
 19322 | D:11     | Received a gift from Nemelex Xobeh
 19696 | D:12     | Noticed a green ugly thing
 19706 | D:12     | Killed a green ugly thing
 20450 | D:12     | Noticed a deep elf pyromancer
 20458 | D:11     | Reached skill level 5 in Armour
 20458 | D:11     | Reached skill level 11 in Invocations
 20490 | D:12     | Killed a deep elf pyromancer
 21118 | D:12     | Reached skill level 12 in Invocations
 21391 | D:12     | Noticed a deep elf pyromancer
 21394 | D:12     | Killed a deep elf pyromancer
 21395 | D:12     | Reached XP level 12. HP: 74/101 MP: 20/21
 22107 | D:12     | Reached skill level 13 in Invocations
 22254 | D:12     | Noticed a two-headed ogre
 22264 | D:12     | Killed a two-headed ogre
 23390 | D:12     | Reached skill level 14 in Invocations
 24430 | D:13     | Noticed a two-headed ogre
 24441 | D:13     | Killed a two-headed ogre
 24522 | D:12     | Reached skill level 5 in Alchemy
 24786 | D:13     | Reached skill level 1 in Evocations
 25399 | D:13     | Gained mutation: You are frail. (-10% HP) [a neqoxec]
 25755 | D:13     | Gained mutation: You are strong-willed. (Will+) [a neqoxec]
 25959 | D:13     | Noticed a two-headed ogre
 25962 | D:13     | Killed a two-headed ogre
 27018 | D:13     | Noticed Kirke
 27056 | D:13     | Killed Kirke
 27057 | D:13     | Reached XP level 13. HP: 101/101 MP: 21/23
 27184 | Lair:1   | Entered Level 1 of the Lair of Beasts
 27200 | Lair:1   | Reached skill level 10 in Fighting
 27377 | Lair:1   | Received a gift from Nemelex Xobeh
 27585 | Lair:1   | Noticed Sonja
 27590 | Lair:1   | Sonja changed into Sonja the black bear
 27590 | Lair:1   | Noticed Sonja
 27595 | Lair:1   | Killed Sonja the black bear
 27661 | Lair:1   | Noticed Urug
 27674 | Lair:1   | Killed Urug
 27828 | Lair:1   | Received a gift from Nemelex Xobeh
 28358 | Lair:1   | Received a gift from Nemelex Xobeh
 28413 | Lair:1   | Reached ***** piety under Nemelex Xobeh
 28673 | Lair:2   | Found a staircase to the Swamp.
 28676 | Lair:2   | Reached skill level 10 in Armour
 28688 | Lair:2   | Learned a level 5 spell: Irradiate
 28742 | Lair:2   | Received a gift from Nemelex Xobeh
 29203 | Lair:2   | Received a gift from Nemelex Xobeh
 29468 | Lair:2   | Noticed Gastronok
 29520 | Lair:2   | Killed Gastronok
 30012 | Lair:2   | Reached skill level 5 in Conjurations
 30579 | Lair:3   | Received a gift from Nemelex Xobeh
 31021 | Lair:3   | Reached XP level 14. HP: 64/108 MP: 24/24
 31330 | Lair:3   | Noticed Nessos
 31331 | Lair:3   | Nessos changed into Nessos the human
 31331 | Lair:3   | Noticed Nessos
 31345 | Lair:3   | Killed Nessos the human
 31619 | Lair:3   | Found a hole to the Spider Nest.
 31619 | Lair:3   | Received a gift from Nemelex Xobeh
 32472 | Lair:3   | Received a gift from Nemelex Xobeh
 33068 | Lair:4   | Received a gift from Nemelex Xobeh
 33231 | Lair:4   | Received a gift from Nemelex Xobeh
 33746 | Lair:5   | Entered Level 5 of the Lair of Beasts
 33746 | Lair:5   | Received a gift from Nemelex Xobeh
 34224 | Lair:5   | Found a viscous altar of Jiyva.
 34225 | Lair:5   | Found a staircase to the Slime Pits.
 34885 | Lair:5   | Reached ****** piety under Nemelex Xobeh
 35095 | Lair:5   | Received a gift from Nemelex Xobeh
 36084 | Lair:5   | Received a gift from Nemelex Xobeh
 36297 | Orc:1    | Entered Level 1 of the Orcish Mines
 36474 | Orc:2    | Entered Level 2 of the Orcish Mines
 37003 | D:13     | Identified the +1 scimitar of Growth {elec, Will+}
 37003 | D:13     | Noticed an ironbound thunderhulk
 37011 | D:13     | Killed an ironbound thunderhulk
 37012 | D:13     | Reached skill level 10 in Conjurations
 37783 | D:13     | Reached XP level 15. HP: 90/120 MP: 25/25
 38119 | D:13     | Received a gift from Nemelex Xobeh
 38383 | D:13     | Found a gate to the Vaults.
 38989 | D:15     | Entered Level 15 of the Dungeon
 39555 | D:14     | Identified a scroll of acquirement
 40802 | D:15     | Found a staircase to the Depths.
 40802 | D:15     | Noticed a fire giant
 40876 | D:15     | Received a gift from Nemelex Xobeh
 40880 | D:15     | Found a shimmering blue altar of Sif Muna.
 41321 | Spider:1 | Entered Level 1 of the Spider Nest
 42606 | Spider:1 | Reached skill level 5 in Spellcasting
 42996 | Spider:1 | Received a gift from Nemelex Xobeh
 44671 | Spider:2 | Learned a level 3 spell: Passwall
 44856 | Spider:2 | Reached skill level 1 in Earth Magic
 45718 | Spider:3 | Reached XP level 16. HP: 94/128 MP: 26/26
 45900 | Swamp:1  | Entered Level 1 of the Swamp
 45917 | Lair:2   | Acquired the Lectures on Outbursts and Ashes
 45926 | Lair:2   | Learned a level 6 spell: Starburst
 46692 | Swamp:1  | Reached skill level 1 in Shields
 46753 | Swamp:1  | HP: 2/128 [bunyip (18)]
 46753 | Swamp:1  | Demolished by a bunyip

Illustrated notes

Levels and vault maps discovered:
D:1:      minmay_arrival_arboretum_small, layout_loops_ring
D:2:      layout_loops_corners, minmay_gold_behind_fungi,
          chequers_serial_rivers_large_a, kennysheep_generic_room_15
D:3:      layout_basic, chei_slow_surprise, chequers_temple_overflow_minitemple,
          gammafunk_ghost_necromancy
D:4:      minmay_clustersquares, layout_loops_ring,
          minmay_temple_entry_mini_moons
D:5:      nicolae_cairo_tiling, layout_layer_cave,
          nicolae_ossuary_entry_false_entrances
D:6:      layout_loops_corners, nicolae_yredelemnul_corpse_copse
D:7:      layout_basic, uniq_maurice, uniq_crazy_yiuf_cottage, uniq_maggie
D:8:      layout_layer_cave, nicolae_stop_n_shop_2, uniq_amaemon
D:9:      layout_loops_corners, mainiacjoe_overflow_alcove_1,
          serial_bayou_crossing
D:10:     layout_basic, serial_shops, nicolae_shop_statue_plus,
          hangedman_decor_peaks_small, grunt_ministairs_13, serial_bayou_pond_e,
          hangedman_incinerator, uniq_snorg, uniq_nergalle, uniq_grum
D:11:     layout_stronghold, erik_lair_island,
          kennysheep_orc_monster_closet_entryway, ebering_ghost_gozag
D:12:     layout_irregular_city, kennysheep_cross_room
D:13:     layout_stronghold, hellmonk_vaults_keyhole, serial_demonic,
          serial_demonic_e, serial_demonic_b, serial_demonic_c,
          serial_demonic_c, serial_demonic_c, serial_demonic_c,
          serial_demonic_g, serial_demonic_e, serial_demonic_d,
          serial_demonic_c, uniq_kirke
D:14:     layout_roguey, grunt_decor_junction
D:15:     grunt_enter_depths_giant_problem, layout_loops_corners,
          hellmonk_sif_muna_bookshelves, hangedman_decor_clover_reticule
Temple:   eino_temple_lava
Lair:1:   layout_cave_pods, lemuel_fruit_fields, grunt_megastairs_1,
          lemuel_fruit_tree, uniq_urug, uniq_sonja
Lair:2:   layout_long_grid, minmay_swamp_entry_worms, hibernation_bobbens,
          uniq_gastronok
Lair:3:   layout_layer_cave, hellmonk_spider_entry_life_and_decay, minivault_25,
          nicolae_lair_lindhole, uniq_nessos
Lair:4:   layout_gridlike
Lair:5:   wormcave, layout_regular_city, hangedman_lair_caniforms_friends,
          slime_entry_1, wad_woods_01
Swamp:1:  layout_basic_swamp, nicolae_swamp_very_dense_foliage, swamp_pool_1_2
Spider:1: layout_chambers
Spider:2: layout_spider_delve
Spider:3: nicolae_spider_mines_2, gammafunk_ghost_mausoleum, special_room
          [special_room_bee], nicolae_spider_claw_tunnel, uniq_arachne
Orc:1:    layout_caves, mines2_david
Orc:2:    st_orc_elflike, layout_diamond_mine, serial_shops,
          nicolae_shop_back_alley_shop

Skill      XL: |  1  2  3  4  5  6  7  8  9 10 11 12 13 14 15 16 |
---------------+-------------------------------------------------+-----
Necromancy     | 1 |  1.0
Axes           | 4 |  4.2
Stealth        | 1 2 |  2.0
Maces & Flails | 2 4 5 6 8 10 11 | 11.6
Alchemy        | 1 2 3 4 5 6 7 8 |  8.0
Conjurations   | 3 4 7 10 11 12 | 12.0
Invocations    | 2 5 9 12 14 | 14.0
Fire Magic     | 4 7 9 10 | 10.1
Spellcasting   | 2 3 4 6 |  6.6
Fighting       | 4 6 8 9 10 12 13 | 13.0
Translocations | 2 3 |  3.0
Armour         | 5 7 11 | 11.0
Evocations     | 3 4 |  4.0
Dodging        | 2 4 |  4.0
Earth Magic    | 2 3 |  3.0
Shields        | 1 |  1.1

Action                     |  1- 3 |  4- 6 |  7- 9 | 10-12 | 13-15 | 16-18 || total
---------------------------+-------+-------+-------+-------+-------+-------++-------
  Melee: Hand axe          |    65 |       |       |       |       |       ||    65
         Flail             |    91 |   153 |   301 |       |       |       ||   545
         Demon whip        |       |       |    16 |   433 |   858 |    37 ||  1344
  Throw: Dart              |       |       |     1 |     8 |     2 |       ||    11
         Boomerang         |       |       |     4 |     2 |       |       ||     6
   Cast: Kiss of Death     |       |     1 |       |       |       |       ||     1
         Sting             |       |    31 |   139 |   183 |   321 |    15 ||   689
         Sticky Flame      |       |       |     8 |    80 |   262 |    11 ||   361
         Flame Wave        |       |       |     1 |    21 |    14 |       ||    36
         Irradiate         |       |       |       |       |     3 |       ||     3
         Starburst         |       |       |       |       |       |    10 ||    10
 Invoke: Draw Summoning    |       |     2 |       |     1 |     6 |       ||     9
         Draw Destruction  |       |       |     7 |    22 |    35 |     3 ||    67
         Draw Escape       |       |       |       |     3 |     3 |       ||     6
         Stack Five        |       |       |       |       |     1 |       ||     1
  Evoke: Wand              |       |     4 |     1 |     8 |    14 |       ||    27
    Use: Scroll            |       |     8 |     5 |     8 |     8 |     3 ||    32
         Potion            |       |       |     1 |     3 |     1 |       ||     5
   Stab: Sleeping          |       |       |     1 |       |       |       ||     1
         Petrified         |       |       |       |       |     1 |       ||     1
 Armour: Leather armour    |    15 |       |       |       |       |       ||    15
         Ring mail         |   114 |   138 |     6 |       |       |       ||   258
         Chain mail        |       |       |   155 |       |       |       ||   155
         Steam dragon scal |       |       |    31 |       |       |       ||    31
         Swamp dragon scal |       |       |   100 |   428 |   930 |    41 ||  1499
  Dodge: Dodged            |   109 |   116 |   160 |   201 |   457 |    16 ||  1059
  Block: Other             |       |       |       |    37 |   207 |     4 ||   248
         Reflection        |       |       |       |       |    10 |     3 ||    13
         Buckler           |       |       |       |       |       |     5 ||     5

Table legend: (Time is in decaauts)
 A = Elapsed time spent in this place.
 B = Non-inter-level travel time spent in this place.
 C = Inter-level travel time spent in this place.
 D = Time resting spent in this place.
 E = Time spent auto-exploring this place.
 F = Levels seen in this place.
 G = Mean time per level.
                   A        B        C        D        E       F      G
               +--------+--------+--------+--------+--------+-----+--------+
         Total |  46996 |  44349 |   2647 |  19227 |  18086 |  28 | 1678.4 |
       Dungeon |  31456 |  29536 |   1920 |  13629 |  11364 |  15 | 2097.1 |
        Temple |      1 |      1 |      0 |      0 |      0 |   1 |    1.0 |
          Lair |   9697 |   9135 |    562 |   3260 |   4405 |   5 | 1939.4 |
         Swamp |    826 |    800 |     26 |    299 |    350 |   1 |  826.0 |
   Spider Nest |   4298 |   4205 |     93 |   1846 |   1763 |   3 | 1432.7 |
  Orcish Mines |    378 |    335 |     43 |    152 |     67 |   2 |  189.0 |
       Ossuary |    337 |    337 |      0 |     41 |    134 |   1 |  337.0 |
               +--------+--------+--------+--------+--------+-----+--------+

Top non-repeatable levels by time:
    D:13: 4514 daAuts
    D:12: 3850 daAuts
     D:7: 3320 daAuts
    D:11: 3164 daAuts
  Lair:3: 2800 daAuts
     D:8: 2518 daAuts
  Lair:5: 2432 daAuts
Spider:1: 2278 daAuts
     D:6: 2223 daAuts
  Lair:2: 2000 daAuts
Spider:2: 1772 daAuts
    D:10: 1606 daAuts
     D:3: 1540 daAuts
    D:15: 1496 daAuts
     D:5: 1451 daAuts
